AoeStats
← Deivid

African Clearing

505364414Analyzed
2v2 RM · 24d ago on Sep 9, 2026· 18m 46s· 4 players
Game mode
Random Map
Map size
Medium (4 player)
Population
200
Speed
Normal
Resources
Standard
Victory
Conquest
Starting age
Dark Age
Ending age
Imperial Age
RankedLock teamsTeams togetherTeam positionsShared explorationLock speedFull tech treeHidden civsTurbo modeCheats
Victory
Defeat
🇺🇸 Chinese · United States
1014
+18
🇺🇸 Teutons · United States
1008
+18
🇨🇱 Britons · Chile
1051
-18
🇨🇱 Georgians · Chile
1046
-18
uina99
3:58 Loom
5:13 Loom
12:55 Feudal Age
19:00 Castle Age
17:08 Double-Bit Axe
17:18 Horse Collar
17:55 Stone Mining
19:10 Forging
wonderwild
3:09 Loom
11:43 Feudal Age
12:32 Double-Bit Axe
16:59 Castle Age
15:35 Gold Mining
17:10 Crossbowman
18:42 Bow Saw
Deivid
15:02 Feudal Age
13:17 Loom
15:53 Double-Bit Axe
Thomas
13:06 Feudal Age
15:18 Double-Bit Axe
19:03 Castle Age
Connection lost

Rejoining the realm…

Still unreachable

The connection could not be restored.

Session expired

The server has moved on; the page needs a fresh start.